 Dungeon Crawl Stone Soup version 0.20.0-15-g7f486f2 (webtiles) character file.

998 Chiseanne the Conjurer (level 8, 52/54 HPs)
             Began as a Demonspawn Wizard on June 14, 2017.
             Was a Follower of Vehumet.
             Quit the game on level 6 of the Dungeon.
             The game lasted 00:12:47 (6443 turns).

Chiseanne the Conjurer (Demonspawn Wizard)          Turns: 6443, Time: 00:12:47

Health: 52/54      AC:  4    Str:  7    XL:     8   Next: 0%
Magic:  13/32      EV: 12    Int: 25    God:    Vehumet [*.....]
Gold:   196        SH:  0    Dex: 12    Spells: 10/19 levels left

rFire    . . .     SeeInvis .   a - staff of power
rCold    . . .     Gourm    .   (no shield)
rNeg     . . .     Faith    .   g - +0 robe
rPois    .         Spirit   .   b - +0 hat
rElec    .         Reflect  .   (no cloak)
rCorr    .         Harm     .   (no gloves)
MR       .....                  (no boots)
Stlth    ++........             (no amulet)
Regen    0.2/turn               l - ring of wizardry
MPRegen  0.3/turn               q - +3 ring of intelligence

@: no status effects
A: talons 1, yellow scales 1, powered by pain 3
a: Renounce Religion


You were on level 6 of the Dungeon.
You worshipped Vehumet.
Vehumet was aware of your devotion.
You were not hungry.

You visited 2 branches of the dungeon, and saw 7 of its levels.

You collected 196 gold pieces.

Inventory:

Hand Weapons
 s - a +5 scythe of flaming
 C - the cursed +1 war axe of Attainder {chop, Str+2 SInv}
   (You found it on level 6 of the Dungeon)

   It inflicts extra damage upon your enemies.
   It affects your strength (+2).
   It lets you see invisible.
   It has a curse placed upon it.
Missiles
 f - 44 arrows
 o - 23 sling bullets
 r - 3 tomahawks (quivered)
 y - 15 bolts
Armour
 b - a +0 hat (worn)
 g - a +0 robe (worn)
 n - a +3 shield
Magical Staves
 a - an uncursed staff of power (weapon)
Jewellery
 l - a ring of wizardry (left hand)
 q - a +3 ring of intelligence (right hand)
Wands
 v - a wand of iceblast (12/15)
 w - a wand of confusion (23/48)
Scrolls
 k - 2 scrolls of teleportation
 t - 2 scrolls of remove curse
 u - 2 scrolls of fog
 B - a scroll of magic mapping
Potions
 e - a potion of heal wounds {unknown}
 j - a potion of curing
 m - a potion of haste {unknown}
 p - a potion of magic
 z - a potion of lignification {unknown}
 D - a potion of agility {unknown}
Comestibles
 c - 2 royal jellies
 d - 3 fruits
 i - a bread ration
 x - 3 meat rations


   Skills:
 - Level 1.2 Fighting
 - Level 1.7 Dodging
 - Level 1.7 Stealth
 * Level 6.4 Spellcasting
 * Level 6.6 Conjurations
   Level 1.0 Summonings
 - Level 0.8 Translocations


You had 10 spell levels left.
You knew the following spells:

 Your Spells              Type           Power        Failure   Level  Hunger
a - Magic Dart            Conj           ####         1%          1    None
b - Blink                 Tloc           N/A          3%          2    None
c - Conjure Flame         Conj/Fire      ###.....     2%          3    None
d - Mephitic Cloud        Conj/Pois/Air  ###.....     3%          3    None


Dungeon Overview and Level Annotations

Branches:
Dungeon (5/15)             Temple (1/1) D:4

Altars:
Ashenzari
Cheibriados
Dithmenos
Hepliaklqana
Kikubaaqudgha
Makhleb
Nemelex Xobeh
Okawaru
Qazlal
Ru
Trog
Vehumet
Xom
Yredelemnul
Zin

Shops:
D:4 (

Annotations:
D:4 2 transporters, gorpus's ghost, novice OpCj


Innate Abilities, Weirdness & Mutations

You have sharp toenails.
You are partially covered in yellow scales. (AC +2)
You are powered by pain.


Message History

Confirm with . or Enter, or press ? or * to list all spells.
Aiming: Magic Dart
Press: ? - help, Shift-Dir - straight line, f/p - quokka
Aim: a quokka (heavily wounded)
The magic dart hits the quokka.
You kill the quokka!
Vehumet accepts your kill. The orc hits you but does no damage.
Casting: Magic Dart
Confirm with . or Enter, or press ? or * to list all spells.
Aiming: Magic Dart
Press: ? - help, Shift-Dir - straight line, f - orc
Aim: an orc, wielding a club and wearing a ring mail (heavily wounded)
The magic dart hits the orc.
You kill the orc!
Vehumet accepts your kill.
You have reached level 8!
You feel agile.
Your demonic ancestry asserts itself...
Your toenails lengthen and sharpen.
Are you sure you want to abandon this character and quit the game? (Confirm with "yes".)

...# #.#......#### ...
..###.#........#. ...
#.....#.....)..#.
#.#.#####.#####..........
#$.......................
...#.....###.######.....
###.(...# #... #...#.
##.......######.# ##..#.
#......@..# # #####
........)....# #.
./...(......## ...
<..#..#...).# ....
.............. #.#.
........o...). # #.
.....#......... #.
.#####.........


You could see an orc wizard.

Vanquished Creatures
  Sigmund (D:2)
  An ice beast (D:2)
  A phantom (D:4)
  2 bullfrogs
  A scorpion (D:4)
  3 howler monkeys
  A crimson imp (D:6)
  A quasit (D:6)
  A centaur skeleton (D:4)
  An orc priest (D:6)
  2 iguanas (D:5)
  A worker ant (D:4)
  6 gnolls
  A howler monkey skeleton (D:5)
  5 adders
  A shadow imp (D:6)
  An ooze (D:2)
  A worm (D:5)
  A dart slug (D:1)
  4 leopard geckos
  5 orcs
  5 giant cockroaches
  16 goblins
  8 hobgoblins
  2 jackals (D:1)
  7 kobolds
  A quokka (D:6)
  2 ball pythons
  12 bats
  2 frilled lizards
  A leopard gecko skeleton (D:5)
  12 rats
  A plant (D:2)
110 creatures vanquished.

Vanquished Creatures (others)
  15 toadstools (D:5)
15 creatures vanquished.

Grand Total: 125 creatures vanquished

Notes
Turn   | Place    | Note
-------+----------+-------------------------------------------
     0 | D:1      | Chiseanne the Demonspawn Wizard began the quest for the Orb.
     0 | D:1      | Reached XP level 1. HP: 13/13 MP: 4/4
   306 | D:1      | Gained mutation: You sometimes gain a little power by taking damage. [demonic ancestry]
   306 | D:1      | Reached XP level 2. HP: 19/19 MP: 1/6
  1065 | D:1      | Gained mutation: You are partially covered in yellow scales. (AC +2) [demonic ancestry]
  1065 | D:1      | Reached XP level 3. HP: 24/24 MP: 2/7
  2059 | D:2      | Learned a level 2 spell: Blink
  2063 | D:2      | Learned a level 3 spell: Conjure Flame
  2067 | D:2      | Learned a level 3 spell: Mephitic Cloud
  2246 | D:2      | Noticed Sigmund
  2318 | D:2      | Found a faded altar of an unknown god.
  2713 | D:2      | Killed Sigmund
  2713 | D:2      | Reached XP level 4. HP: 28/30 MP: 1/10
  2713 | D:2      | Reached XP level 5. HP: 32/35 MP: 1/11
  2964 | D:2      | Found a shadowy altar of Dithmenos.
  2983 | D:2      | Noticed an ice beast
  3002 | D:2      | Killed an ice beast
  3002 | D:2      | Gained mutation: You sometimes gain power by taking damage. [demonic ancestry]
  3002 | D:2      | Reached XP level 6. HP: 25/41 MP: 6/13
  4359 | D:4      | Reached skill level 1 in Fighting
  4359 | D:4      | Reached skill level 5 in Spellcasting
  4413 | D:4      | Found a transporter.
  4466 | D:4      | Noticed gorpus's ghost (novice OpCj)
  4683 | D:4      | Reached skill level 5 in Conjurations
  4684 | D:4      | Found a staircase to the Ecumenical Temple.
  4810 | Temple   | Entered the Ecumenical Temple
  4839 | Temple   | Became a worshipper of Vehumet
  4936 | D:4      | Found a transporter.
  4999 | D:4      | Gained mutation: You are powered by pain. [demonic ancestry]
  4999 | D:4      | Reached XP level 7. HP: 42/48 MP: 8/15
  5472 | D:4      | Found Saphesuc's Antique Weapon Shop.
  5634 | D:4      | Found a sparkling altar of Nemelex Xobeh.
  5687 | D:4      | Found an ancient bone altar of Kikubaaqudgha.
  5774 | D:5      | Entered Level 5 of the Dungeon
  6168 | D:5      | You fall through a shaft!
  6201 | D:6      | Reached * piety under Vehumet
  6201 | D:6      | Offered knowledge of Sting by Vehumet.
  6384 | D:6      | Found a sacrificial altar of Ru.
  6403 | D:6      | Got an ancient war axe
  6407 | D:6      | Identified the cursed +1 war axe of Attainder {chop, Str+2 SInv} (You found it on level 6 of the Dungeon)
  6418 | D:6      | Found an iron altar of Okawaru.
  6442 | D:6      | Gained mutation: You have sharp toenails. [demonic ancestry]
  6442 | D:6      | Reached XP level 8. HP: 52/54 MP: 13/17
  6443 | D:6      | Quit the game

Skill      XL: |  1  2  3  4  5  6  7 |
---------------+----------------------+-----
Conjurations   | 2 3 4 5 6 |  6.6
Spellcasting   | 4 5 6 |  6.4
Fighting       | 1 |  1.2
Dodging        | |  1.7
Stealth        | |  1.7
Summonings     | |  1.0
Translocations | |  0.8

Action                   |  1- 3 |  4- 6 |  7- 9 || total
-------------------------+-------+-------+-------++-------
Melee: Dagger            |    15 |       |       ||    15
       Scythe            |       |    25 |     8 ||    33
 Cast: Magic Dart        |   112 |    98 |   116 ||   326
       Mephitic Cloud    |     3 |       |     3 ||     6
       Conjure Flame     |       |     2 |       ||     2
       Blink             |       |     1 |       ||     1
  Use: Scroll            |     5 |     1 |     3 ||     9
       Potion            |     2 |       |       ||     2
  Eat: Chunk             |     1 |     7 |     5 ||    13
       Bread ration      |     1 |       |       ||     1
Armor: Robe              |    12 |     3 |    18 ||    33
Dodge: Dodged            |    25 |    15 |    47 ||    87
